 Dungeon Crawl Stone Soup version 0.30.0-15-g856e2d3f33 (webtiles) character file.

Game seed: 12963664264157123225

604 Sobieck the Covert (level 7, -3/40 HPs)
             Began as a Kobold Brigand on May 19, 2023.
             Was an Initiate of Gozag.
             Slain by a vampire mosquito (8 damage)
             ... on level 5 of the Dungeon.
             The game lasted 00:08:30 (4321 turns).

Sobieck the Covert (Kobold Brigand)                 Turns: 4321, Time: 00:08:31

Health: -3/40      AC:  9    Str:  9    XL:     7   Next: 70%
Magic:  7/7        EV: 14    Int: 12    God:    Gozag
Gold:   67         SH:  0    Dex: 18    Spells: 6/6 levels left

rFire   . . .        B - +2 dagger (venom) {short}
rCold   . . .        (no shield)
rNeg    . . .        O - +0 steam dragon scales
rPois   +            i - +2 helmet
rElec   .            c - +0 cloak
rCorr   .            (no gloves)
SInv    +            (no boots)
Will    .....        x - amulet of the acrobat
Stlth   +++++        J - ring of see invisible
HPRegen 0.26/turn    Q - ring of poison resistance
MPRegen 0.10/turn

%: acrobat
@: mighty
A: small, no large weapons, nightstalker 3
a: Renounce Religion, Potion Petition, Call Merchant, Bribe Branch


You were on level 5 of the Dungeon.
You worshipped Gozag.
Gozag was noncommittal.
You visited 2 branches of the dungeon, and saw 6 of its levels.

You collected 109 gold pieces.
You paid 42 gold pieces to Gozag.


Innate Abilities, Weirdness & Mutations

You are small and have problems with some larger weapons.
You are completely attuned to the shadows.


   Skills:
 - Level 2.1 Fighting
 + Level 7.6 Short Blades
 - Level 2.1 Throwing
 - Level 1.2 Dodging
 + Level 9.5 Stealth


You had 6 spell levels left.
You didn't know any spells.
Your spell library contained the following spells:

 Spells                   Type           Power      Damage    Failure   Level
 Summon Forest            Summ/Tloc      0%         N/A       100%        5
 Summon Mana Viper        Hex/Summ       0%         N/A       100%        5
 Summon Cactus Giant      Summ           0%         N/A       100%        6

Inventory:

Hand Weapons
 a - a +2 dagger {short}
 B - a +2 dagger of venom (weapon) {short}
   (You took it off a goblin on level 3 of the Dungeon)
Missiles
 d - 9 poisoned darts (quivered) {throwing}
 e - 3 curare-tipped darts {=fthrowing}
 j - 74 stones {throwing}
Armour
 b - a +0 robe
 c - a +0 cloak (worn)
 g - a +0 ring mail
   (You found it on level 1 of the Dungeon)
 i - a +2 helmet (worn)
   (You found it on level 1 of the Dungeon)
 l - a +0 scale mail
   (You found it on level 2 of the Dungeon)
 m - a +0 robe
   (You found it on level 1 of the Dungeon)
 p - a +0 robe
   (You found it on level 2 of the Dungeon)
 q - a +0 leather armour
   (You found it on level 2 of the Dungeon)
 s - a +0 ring mail
   (You found it on level 2 of the Dungeon)
 t - a +0 scale mail
   (You found it on level 2 of the Dungeon)
 v - a +0 ring mail
   (You found it on level 2 of the Dungeon)
 z - a +0 animal skin
   (You found it on level 3 of the Dungeon)
 C - a +0 chain mail
   (You took it off an orc on level 3 of the Dungeon)
 D - a +0 chain mail
   (You took it off an orc on level 3 of the Dungeon)
 E - a +0 ring mail
   (You found it on level 3 of the Dungeon)
 H - a +0 ring mail
   (You took it off an orc on level 4 of the Dungeon)
 I - a +0 robe
   (You took it off an orc wizard on level 4 of the Dungeon)
 L - a +0 robe
   (You found it on level 4 of the Dungeon)
 N - a +0 chain mail
   (You took it off an orc on level 4 of the Dungeon)
 O - +0 steam dragon scales (worn)
   (You found it on level 4 of the Dungeon)
 R - a +0 leather armour
   (You found it on level 4 of the Dungeon)
 S - a +0 ring mail
   (You found it on level 4 of the Dungeon)
Magical Staves
 K - a staff of earth {!astaff}
   (You found it on level 4 of the Dungeon)
Jewellery
 x - an amulet of the acrobat (around neck)
   (You found it on level 3 of the Dungeon)
 G - an amulet of guardian spirit
   (You found it on level 3 of the Dungeon)
 J - a ring of see invisible (left hand)
   (You found it on level 4 of the Dungeon)
 Q - a ring of poison resistance (right hand)
   (You found it on level 4 of the Dungeon)
Scrolls
 h - 2 scrolls of immolation {unknown}
 n - a scroll of butterflies {unknown}
 w - a scroll of vulnerability {unknown}
 y - a scroll of magic mapping {unknown}
 A - a scroll of noise {unknown}
 F - a scroll of fog {unknown}
 M - a scroll of teleportation {unknown}
 P - 2 scrolls of enchant armour {unknown}
Potions
 f - a potion of ambrosia
 k - 2 potions of brilliance
 o - a potion of might

Dungeon Overview and Level Annotations

Branches:
Dungeon (5/15) Zot: 25764  Temple (1/1) D:5 Zot: 5964

Altars:
Ashenzari
Cheibriados
Gozag
Hepliaklqana
Kikubaaqudgha
Qazlal
Ru
Sif Muna
Trog
Uskayaw
Zin

Shops:
D:2 (   D:5 (

Annotations:
D:5 3 runed translucent doors

#......# #......#
#...?..# #......#
#......# #......# #.
#####y## ##### #. #y#
#...# #.
#@#####...#######)
#.∩.....).......'.
#######...#######. #####
#. #..... #. #......
...°..# #.
#.....☼○..°..°....# ##.
#..........○°.....#####..
#.....°.....°.....##....#


You could see 2 vampire mosquitoes.


Message History

You fall asleep.
The sleepcap releases spores at you!
You wake up.
You are engulfed in a cloud of soporific spores!
You are unaffected.
You are too injured to fight recklessly!
You are too injured to fight recklessly!
You are too injured to fight recklessly!
Unknown command.
Unknown command.
There is an entrance to Momuor's Weapon Shoppe here.
The sleepcap attacks as you move away!
The sleepcap releases spores at you but does no damage.
You hit the sleepcap but do no damage. You hit the sleepcap but do no damage.
The sleepcap misses you.
You hit the sleepcap but do no damage. The sleepcap completely misses you.
Unknown command.
You hit the sleepcap but do no damage. You hit the sleepcap.
The sleepcap releases spores at you but does no damage.
You hit the sleepcap but do no damage. The sleepcap closely misses you.
Unknown command.
You hit the sleepcap.
The sleepcap looks even sicker.
You hit the sleepcap but do no damage. The sleepcap closely misses you.
You hit the sleepcap.
The sleepcap looks as sick as possible!
You hit the sleepcap. The sleepcap closely misses you.
You hit the sleepcap.
You destroy the sleepcap!
You now have 67 gold pieces (gained 6).
There is an entrance to Momuor's Weapon Shoppe here.
You start resting.
Unknown command.
Unknown command.
A vampire mosquito comes into view.
The vampire mosquito buzzes angrily.
You hear an angry buzzing noise.
The vampire mosquito moves out of view.
A vampire mosquito comes into view.
Danger!
Unknown command.
What are your orders? t - Shout!
Orders for allies: a - Attack new target. r - Retreat! s - Stop attacking. g - Guard the area. f - Follow me.
Anything else - Cancel.
You shout for attention!
The vampire mosquito buzzes angrily.
Unknown command.
Unknown command.
You hit the vampire mosquito. The vampire mosquito misses you.
You closely miss the vampire mosquito. The vampire mosquito bites you.
The vampire mosquito draws strength from your injuries!
Unknown command.
You hit the vampire mosquito. The vampire mosquito bites you.
The vampire mosquito draws strength from your injuries!
You completely miss the vampire mosquito.
The vampire mosquito bites you!
The vampire mosquito draws strength from your injuries!
Unknown command.
You barely miss the vampire mosquito.
The vampire mosquito closely misses you.
You hit the vampire mosquito. The vampire mosquito bites you!
* * * LOW HITPOINT WARNING * * *
The vampire mosquito draws strength from your injuries!
The vampire mosquito bites you.
* * * LOW HITPOINT WARNING * * *
The vampire mosquito draws strength from your injuries!
The vampire mosquito buzzes angrily.
You hit the vampire mosquito but do no damage.
The vampire mosquito closely misses you.
Unknown command.
You miss the vampire mosquito.
The vampire mosquito bites you but does no damage.
Unknown command.
You hit the vampire mosquito.
The vampire mosquito closely misses you.
You feel very mighty all of a sudden.
Okay, then.
Unknown command.
You feel better. The vampire mosquito barely misses you.
The vampire mosquito bites you but does no damage.
Unknown command.
You hit the vampire mosquito.
The vampire mosquito bites you but does no damage.
You barely miss the vampire mosquito. The vampire mosquito barely misses you.
You puncture the vampire mosquito! The vampire mosquito bites you.
The vampire mosquito draws strength from your injuries!
You miss the vampire mosquito. The vampire mosquito barely misses you.
The vampire mosquito bites you!
* * * LOW HITPOINT WARNING * * *
The vampire mosquito draws strength from your injuries!
Unknown command.
You barely miss the vampire mosquito. The vampire mosquito misses you.
You hit the vampire mosquito.
The vampire mosquito bites you but does no damage.
Unknown command.
You puncture the vampire mosquito! The vampire mosquito bites you!
* * * LOW HITPOINT WARNING * * *
The vampire mosquito draws strength from your injuries!
You puncture the vampire mosquito! The vampire mosquito bites you!
You die...
Your body crumbles into a pile of gold.

Skill      XL: |  1  2  3  4  5  6  7 |
---------------+----------------------+-----
Short Blades   | 3 4 5 6 7 |  7.6
Stealth        | 6 7 8 9 |  9.5
Fighting       | |  2.1
Throwing       | |  2.1
Dodging        | |  1.2

Action                     |  1- 3 |  4- 6 |  7- 9 || total
---------------------------+-------+-------+-------++-------
  Melee: Dagger            |    43 |    79 |    59 ||   181
    Use: Scroll            |       |       |     4 ||     4
         Potion            |       |       |     2 ||     2
   Stab: Sleeping          |    18 |     8 |    10 ||    36
         Distracted        |       |       |     1 ||     1
 Armour: Robe              |     7 |    10 |     3 ||    20
         Steam dragon scal |       |       |    10 ||    10
  Dodge: Dodged            |    13 |    54 |    30 ||    97

Levels and vault maps discovered:
D:1:      heliophobic_arrival_glass_houses, layout_loops_corners,
          shapermc_ecumenical_altar_venn, serial_bayou_pond_a,
          dk_noncrumbling_4, st_stairs_1, nicolae_concentric_dashed_squares_wild
D:2:      layout_basic, serial_shops, nicolae_shop_bloodbath_and_beyond
D:3:      layout_basic, bloody_trog, nicolae_qazlal_general_emergency
D:4:      layout_basic, lemuel_round_altar, mainiacjoe_overflow_surrounded_room
D:5:      layout_basic, marbit_many_paths,
          chequers_temple_overflow_statue_of_worship, lemuel_temple_firewalk_b,
          gammafunk_ghost_split, serial_shops, shop, dreamdust_mushroom_princess
Temple:   hellmonk_temple_two_chambers

Notes
Turn   | Place    | Note
-------+----------+-------------------------------------------
     0 | D:1      | Sobieck the Kobold Brigand began the quest for the Orb.
     0 | D:1      | Reached XP level 1. HP: 12/12 MP: 1/1
   132 | D:1      | Reached skill level 3 in Short Blades
   132 | D:1      | Reached XP level 2. HP: 17/17 MP: 2/2
   332 | D:1      | You fall into a shaft and drop 1 floor!
   340 | D:2      | Found Sykloyqi's Weapon Shop.
   860 | D:1      | You pick up a book of the Wilderness and begin reading...
   860 | D:1      | You add the spells Summon Forest, Summon Mana Viper and
                  | Summon Cactus Giant to your library.
   873 | D:1      | Found a faded altar of an unknown god.
  1035 | D:1      | Reached XP level 3. HP: 21/21 MP: 3/3
  1106 | D:1      | Reached skill level 6 in Stealth
  1411 | D:2      | Reached skill level 4 in Short Blades
  1666 | D:2      | Reached XP level 4. HP: 26/26 MP: 4/4
  2366 | D:3      | Found a stormy altar of Qazlal.
  2441 | D:3      | Found a bloodstained altar of Trog.
  3029 | D:3      | Reached skill level 5 in Short Blades
  3029 | D:3      | Reached skill level 7 in Stealth
  3029 | D:3      | Reached XP level 5. HP: 21/30 MP: 5/5
  3221 | D:4      | Noticed an ogre
  3228 | D:4      | Killed an ogre
  3229 | D:4      | Reached skill level 6 in Short Blades
  3229 | D:4      | Reached skill level 8 in Stealth
  3229 | D:4      | Reached XP level 6. HP: 35/35 MP: 6/6
  3247 | D:4      | Found a broken altar of Ashenzari.
  3305 | D:4      | Reached XP level 7. HP: 40/40 MP: 7/7
  3392 | D:4      | Noticed a steam dragon
  3397 | D:4      | Killed a steam dragon
  3398 | D:4      | Reached skill level 7 in Short Blades
  3398 | D:4      | Reached skill level 9 in Stealth
  3664 | D:4      | Found a hazy altar of Hepliaklqana.
  4019 | D:5      | Entered Level 5 of the Dungeon
  4035 | D:5      | Noticed a wyvern
  4089 | D:5      | Found a runed translucent gate.
  4090 | D:5      | Found a runed translucent gate.
  4091 | D:5      | Found a runed translucent gate.
  4132 | D:5      | Found a staircase to the Ecumenical Temple.
  4138 | Temple   | Entered the Ecumenical Temple
  4167 | Temple   | Became a worshipper of Gozag Ym Sagoz the Greedy
  4217 | D:5      | Found Momuor's Weapon Shoppe.
  4293 | D:5      | Noticed a vampire mosquito
  4294 | D:5      | Noticed a vampire mosquito
  4320 | D:5      | HP: 5/40 [vampire mosquito (7)]
  4321 | D:5      | Slain by a vampire mosquito

Vanquished Creatures
  A steam dragon (D:4)
  An ogre (D:4)
  A phantom (D:4)
  A jelly (D:3)
  2 hounds (D:4)
  2 iguanas (D:4)
  An orc wizard (D:4)
  A sleepcap (D:5)
  A gnoll (D:1)
  3 adders
  An ufetubus (D:4)
  A worm (D:2)
  A dart slug (D:1)
  14 orcs
  4 ball pythons
  3 endoplasms
  4 giant cockroaches
  4 goblins
  3 hobgoblins
  2 jackals (D:2)
  4 quokkas
  3 bats
  3 frilled lizards
  7 kobolds
  2 rats
70 creatures vanquished.

Table legend:
 A = Non-vault XP
 B = Vault XP
 C = Vault XP percentage of total XP
 D = Non-vault monster count
 E = Vault monster count
 F = Vault count percentage of total count
                 A         B        C        D         E       F
            +---------+---------+-------+---------+---------+-------
      Total |     858 |       5 |   0.6 |      66 |       4 |   5.7
            +---------+---------+-------+---------+---------+-------
        D:1 |      25 |       5 |  16.7 |       7 |       4 |  36.4
        D:2 |      57 |       0 |   0.0 |      16 |       0 |   0.0
        D:3 |      71 |       0 |   0.0 |      13 |       0 |   0.0
        D:4 |     667 |       0 |   0.0 |      28 |       0 |   0.0
        D:5 |      38 |       0 |   0.0 |       2 |       0 |   0.0
            +---------+---------+-------+---------+---------+-------

Skill      XL: |  1  2  3  4  5  6  7 |
---------------+----------------------+-----
Short Blades   | 3 4 5 6 7 |  7.6
Stealth        | 6 7 8 9 |  9.5
Fighting       | |  2.1
Throwing       | |  2.1
Dodging        | |  1.2

Action                     |  1- 3 |  4- 6 |  7- 9 || total
---------------------------+-------+-------+-------++-------
  Melee: Dagger            |    43 |    79 |    59 ||   181
    Use: Scroll            |       |       |     4 ||     4
         Potion            |       |       |     2 ||     2
   Stab: Sleeping          |    18 |     8 |    10 ||    36
         Distracted        |       |       |     1 ||     1
 Armour: Robe              |     7 |    10 |     3 ||    20
         Steam dragon scal |       |       |    10 ||    10
  Dodge: Dodged            |    13 |    54 |    30 ||    97

Illustrated notes

Table legend:
 A = Kills in this place as a percentage of kills in the entire game.
 B = Kills by you in this place as a percentage of kills by you in the entire game.
 C = Kills by friends in this place as a percentage of kills by friends in the entire game.
 D = Other kills in this place as a percentage of other kills in the entire game.
 E = Experience gained in this place as a percentage of experience gained in the entire game.
 F = Experience gained in this place divided by the number of levels of this place that you have seen.
                   A       B       C       D       E      F
               +-------+-------+-------+-------+-------+----------------------
         Total | 100.0 | 100.0 |   N/A |   N/A | 100.0 | 143.8
       Dungeon | 100.0 | 100.0 |   N/A |   N/A | 100.0 | 172.6
               +-------+-------+-------+-------+-------+----------------------

Table legend: (Time is in decaauts)
 A = Elapsed time spent in this place.
 B = Non-inter-level travel time spent in this place.
 C = Inter-level travel time spent in this place.
 D = Time resting spent in this place.
 E = Time spent auto-exploring this place.
 F = Levels seen in this place.
 G = Mean time per level.
                   A        B        C        D        E       F      G
               +--------+--------+--------+--------+--------+-----+--------+
         Total |   4271 |   4169 |    102 |     99 |   3495 |   6 |  711.8 |
       Dungeon |   4235 |   4139 |     96 |     99 |   3477 |   5 |  847.0 |
        Temple |     35 |     29 |      6 |      0 |     18 |   1 |   35.0 |
               +--------+--------+--------+--------+--------+-----+--------+

Top non-repeatable levels by time:
     D:1: 1207 daAuts
     D:2: 999 daAuts
     D:4: 946 daAuts
     D:3: 827 daAuts
     D:5: 254 daAuts
  Temple: 35 daAuts
